 Dungeon Crawl Stone Soup version 0.31-a0-187-gba352fbbf7 (webtiles) character file.

Game seed: 17179296368984157201

3154 frimble the Covert (level 9, -3/57 HPs)
             Began as an Octopode Warper on June 22, 2023.
             Was a Follower of Cheibriados.
             Slain by a two-headed ogre
             ... wielding a +0 giant spiked club
              (13 damage)
             ... on level 9 of the Dungeon.
             The game lasted 00:13:33 (8253 turns).

frimble the Covert (Octopode Warper)                Turns: 8253, Time: 00:13:33

Health: -3/57      AC:  1    Str: 17    XL:     9   Next: 93%
Magic:  12/31      EV: 15    Int: 21    God:    Cheibriados [*.....]
Gold:   1100       SH:  0    Dex: 22    Spells: 7/14 levels left

rFire   . . .        n - +2 short sword (vamp)
rCold   + . .        (no shield)
rNeg    . . .        (helmet restricted)
rPois   .            (no amulet)
rElec   .            o - ring of see invisible
rCorr   .            p - ring of magical power
SInv    +            r - ring of magical power
Will    .....        a - ring of Loupt {Wiz Drain rC+ Str+4}
Stlth   +++++        y - +6 ring of dexterity
HPRegen 0.29/turn    (no ring)
MPRegen 0.22/turn    (no ring)
                     (no ring)

%: wizardry (x1)
@: on blink cooldown, very slightly contaminated, very slow
A: almost no armour, amphibious, 8 rings, camouflage 1, gelatinous body 1,
(nimble swimmer 1), tentacles
a: Renounce Religion, Bend Time


You were on level 9 of the Dungeon.
You worshipped Cheibriados.
Cheibriados was aware of your devotion.
You visited 2 branches of the dungeon, and saw 10 of its levels.

You collected 1310 gold pieces.
You spent 210 gold pieces at shops.

Inventory:

Hand Weapons
 n - a +2 vampiric short sword (weapon)
 A - a +2 scimitar
Missiles
 c - 7 boomerangs of dispersal
 i - 4 boomerangs
 t - 2 poisoned darts (quivered)
Jewellery
 a - the ring of Loupt (on tentacle) {Wiz Drain rC+ Str+4}
   (You acquired it on level 6 of the Dungeon)

   [ring of wizardry]

   It improves your spell success rate.
   Str:       It affects your strength (+4).
   rC:        It protects you from cold.
   Drain:     It drains your maximum health when unequipped.
 j - a ring of ice
 o - a ring of see invisible (left tentacle)
 p - a ring of magical power (right tentacle)
 r - a ring of magical power (on tentacle)
 y - a +6 ring of dexterity (on tentacle)
Wands
 u - a wand of charming (1)
 v - a wand of iceblast (7)
Scrolls
 b - 5 scrolls of blinking
 e - 2 scrolls of teleportation
 k - 3 scrolls of enchant armour
 l - 2 scrolls of amnesia
 m - 2 scrolls of revelation
 q - a scroll of brand weapon {unknown}
 s - 3 scrolls of immolation {unknown}
 C - a scroll of fear {unknown}
Potions
 d - 2 potions of heal wounds
 f - a potion of magic
 g - 5 potions of attraction
 h - 8 potions of curing
 w - 2 potions of lignification
 x - a potion of ambrosia {unknown}
 z - a potion of haste {unknown}
 B - a potion of brilliance {unknown}


   Skills:
 + Level 3.2 Fighting
 + Level 7.1 Short Blades
 - Level 3.0 Throwing
 + Level 3.5 Dodging
 - Level 8.0 Stealth
 + Level 3.0 Spellcasting
 - Level 5.0 Conjurations
 - Level 4.0 Translocations
 - Level 2.0 Transmutations
 + Level 5.6 Earth Magic


You had 7 spell levels left.
You knew the following spells:

 Your Spells              Type           Power      Damage    Failure   Level
a - Blink                 Tloc           40%        N/A       1%          2
b - Passwall              Tmut/Erth      15%        N/A       1%          2
c - Stone Arrow           Conj/Erth      50%        3d10      1%          3

Your spell library contained the following spells:

 Spells                   Type           Power      Damage    Failure   Level
 Sandblast                Erth           54%        2d13      1%          1
 Lesser Beckoning         Tloc           40%        N/A       1%          2
 Teleport Other           Tloc           20%        N/A       3%          3
 Freeze                   Ice            12%        1d3       5%          1
 Hailstorm                Conj/Ice       13%        3d5       6%          3
 Vhi's Electric Charge    Tloc/Air       22%        N/A       7%          3
 Manifold Assault         Tloc           20%        N/A       11%         4
 Frozen Ramparts          Ice            6%         1d1       16%         3
 Arcjolt                  Conj/Air       6%         1d16      45%         5
 Plasma Beam              Fire/Air       1%         2x1d11    100%        6


Dungeon Overview and Level Annotations

Branches:
Dungeon (9/15)             Temple (1/1) D:6
   Lair: D:8-11         Orc: D:9-12

Altars:
Ashenzari
Cheibriados
Dithmenos
Elyvilon
Fedhas
Gozag
Hepliaklqana
Kikubaaqudgha
Makhleb
Nemelex Xobeh
Okawaru
Qazlal
Ru
Sif Muna
Trog
Uskayaw
Vehumet
Wu Jian
Xom
Yredelemnul
Zin
The Shining One

Shops:
D:1 (*[([   D:3 [   D:6 !

Annotations:
D:4 Edmund
D:8 4 runed translucent doors


Innate Abilities, Weirdness & Mutations

You cannot wear most types of armour.
You are amphibious.
You can wear up to eight rings at the same time.
Your skin changes colour to match your surroundings (Stealth+).
Your rubbery body absorbs attacks. (AC +1, EV +1)
((You are camouflaged when in or above water. (Stealth+)))
You have tentacles for arms and can constrict up to eight enemies at once.


Message History

Casting: Stone Arrow (safe; 1% risk of failure)
Confirm with . or Enter, or press ? or * to list all spells.
Aiming: Stone Arrow (safe; 1% risk of failure)
Press: ? - help, Shift-Dir - straight line, f/p - two-headed ogre
Aim: a two-headed ogre, wielding two +0 giant spiked clubs (lightly wounded, poisoned, 86% to hit)
The stone arrow hits the two-headed ogre!
The two-headed ogre is moderately wounded.
Casting: Stone Arrow (safe; 1% risk of failure)
Confirm with . or Enter, or press ? or * to list all spells.
Aiming: Stone Arrow (safe; 1% risk of failure)
Press: ? - help, Shift-Dir - straight line, f/p - two-headed ogre
Aim: a two-headed ogre, wielding two +0 giant spiked clubs (moderately wounded, poisoned, 86% to hit)
The stone arrow hits the two-headed ogre!
The two-headed ogre is heavily wounded.
The two-headed ogre hits you with a +0 giant spiked club!!
Ouch! That really hurt!
The two-headed ogre hits you with a +0 giant spiked club!
* * * LOW HITPOINT WARNING * * *
Casting: Stone Arrow (safe; 1% risk of failure)
Confirm with . or Enter, or press ? or * to list all spells.
Aiming: Stone Arrow (safe; 1% risk of failure)
Press: ? - help, Shift-Dir - straight line, f/p - two-headed ogre
Aim: a two-headed ogre, wielding two +0 giant spiked clubs (heavily wounded, poisoned, 86% to hit)
The stone arrow hits the two-headed ogre!
The two-headed ogre is severely wounded.
The two-headed ogre looks more healthy.
Casting: Stone Arrow (safe; 1% risk of failure)
Confirm with . or Enter, or press ? or * to list all spells.
You blink.
Okay, then.
Unknown command.
Casting: Blink (safe; 1% risk of failure)
Confirm with . or Enter, or press ? or * to list all spells.
Aiming: Stone Arrow (safe; 1% risk of failure)
Press: ? - help, Shift-Dir - straight line, f/p - two-headed ogre
Aim: a two-headed ogre, wielding two +0 giant spiked clubs (severely wounded, 86% to hit)
The stone arrow hits the two-headed ogre!
The two-headed ogre is almost dead.
The two-headed ogre hits you with a +0 giant spiked club!
You die...

##### #...# #...# #..(#
#...##### #.@....#
#.....#.O...+ ####.... .#....#
###..######+###ยง######
.........#....#......#
.........[.....#.....#####
...........#.#......#....#...#
.#...........#####...#####...#
#............# #...#......##


You could see a two-headed ogre.

Vanquished Creatures
  Pikel (D:5)
  A troll (D:9)
  A hornet (D:9)
  A wyvern (D:9)
  Menkaure (D:7)
  2 water moccasins
  2 orc warriors
  A sky beast (D:6)
  2 black bears
  An ice beast (D:6)
  A centaur (D:5)
  2 phantoms
  2 bullfrogs
  A scorpion (D:5)
  3 wights (D:8)
  A hound (D:4)
  A gnoll bouda (D:6)
  5 orc priests
  2 jellies
  An iguana (D:6)
  A sleepcap (D:6)
  7 orc wizards
  5 adders
  9 gnolls
  An ufetubus (D:6)
  A worm (D:4)
  A dart slug (D:3)
  26 orcs
  4 ball pythons
  7 endoplasms
  4 giant cockroaches
  6 hobgoblins
  6 kobolds
  2 quokkas (D:1)
  A bat (D:1)
  A frilled lizard (D:3)
  6 goblins
  7 rats
127 creatures vanquished.

Notes
Turn   | Place    | Note
-------+----------+-------------------------------------------
     0 | D:1      | frimble the Octopode Warper began the quest for the Orb.
     0 | D:1      | Reached XP level 1. HP: 14/14 MP: 3/3
   100 | D:1      | Found Wofroniz's Armour Boutique.
   129 | D:1      | Reached XP level 2. HP: 19/19 MP: 5/5
   147 | D:1      | Found Xinuid's Antique Weapon Boutique.
   280 | D:1      | Found Oheposk's General Store.
   572 | D:1      | Found Tuqucesk's Antique Armour Emporium.
   629 | D:1      | Found Tasso's Weapon Shoppe.
   841 | D:2      | Reached XP level 3. HP: 22/24 MP: 6/6
   844 | D:2      | Reached skill level 1 in Stealth
  1773 | D:3      | Reached skill level 2 in Stealth
  1773 | D:3      | Reached XP level 4. HP: 23/29 MP: 7/7
  1921 | D:3      | Found Echoshac's Armour Shoppe.
  1964 | D:3      | Found a shadowy altar of Dithmenos.
  1976 | D:3      | Found an ancient bone altar of Kikubaaqudgha.
  1979 | D:3      | Found an opulent altar of Gozag.
  1982 | D:3      | Found a hide-covered altar of Uskayaw.
  2077 | D:3      | Learned a level 2 spell: Passwall
  2203 | D:3      | Found a sacrificial altar of Ru.
  2579 | D:4      | Reached XP level 5. HP: 32/34 MP: 8/8
  2636 | D:4      | Reached skill level 3 in Stealth
  2636 | D:4      | Reached skill level 1 in Transmutations
  2636 | D:4      | Reached skill level 1 in Earth Magic
  2738 | D:4      | Noticed Edmund
  3157 | D:4      | You fall into a shaft and drop 2 floors!
  3169 | D:6      | Noticed an orc warrior
  3179 | D:6      | Noticed a black bear
  3190 | D:5      | Entered Level 5 of the Dungeon
  3297 | D:5      | Learned a level 2 spell: Blink
  3327 | D:5      | Noticed a phantom
  3379 | D:5      | Reached XP level 6. HP: 39/39 MP: 9/9
  3665 | D:5      | Noticed Pikel
  3752 | D:5      | Noticed a black bear
  3921 | D:4      | Reached skill level 4 in Stealth
  3927 | D:4      | Learned a level 3 spell: Stone Arrow
  4314 | D:5      | Reached XP level 7. HP: 32/45 MP: 10/10
  4760 | D:5      | Reached skill level 1 in Conjurations
  5332 | D:5      | Killed Pikel
  5333 | D:5      | Reached skill level 5 in Short Blades
  5333 | D:5      | Reached skill level 5 in Stealth
  5333 | D:5      | Reached XP level 8. HP: 32/50 MP: 11/11
  5484 | D:6      | Reached skill level 6 in Stealth
  5590 | D:6      | Found a staircase to the Ecumenical Temple.
  5679 | Temple   | Entered the Ecumenical Temple
  5777 | Temple   | Became a worshipper of Cheibriados the Contemplative
  6205 | D:6      | Found Ivaovuzol's Distillery.
  6210 | D:6      | Bought a potion of curing for 30 gold pieces
  6210 | D:6      | Bought a potion of heal wounds for 50 gold pieces
  6210 | D:6      | Bought a potion of attraction for 30 gold pieces
  6210 | D:6      | Bought a potion of curing for 30 gold pieces
  6210 | D:6      | Bought a potion of degeneration for 10 gold pieces
  6210 | D:6      | Bought a potion of curing for 30 gold pieces
  6210 | D:6      | Bought a potion of lignification for 30 gold pieces
  6227 | D:6      | Identified a scroll of acquirement
  6227 | D:6      | Acquired the ring of Loupt {Wiz Drain rC+ Str+4}
  6347 | D:6      | Reached skill level 7 in Stealth
  6347 | D:6      | Reached XP level 9. HP: 48/54 MP: 4/12
  7174 | D:7      | Reached skill level 5 in Earth Magic
  7177 | D:7      | Reached * piety under Cheibriados
  7453 | D:7      | Noticed Menkaure
  7459 | D:7      | Killed Menkaure
  7564 | D:8      | Found a large runed translucent door.
  7569 | D:8      | Acquired 971 gold pieces
  7636 | D:8      | Found a large runed translucent door.
  7637 | D:8      | Noticed a deep elf pyromancer
  7646 | D:8      | Found a large runed translucent door.
  7646 | D:8      | Found a large runed translucent door.
  7850 | D:9      | Reached skill level 8 in Stealth
  8007 | D:9      | Noticed a hornet
  8013 | D:9      | Killed a hornet
  8014 | D:9      | Reached skill level 5 in Conjurations
  8195 | D:9      | Noticed a troll
  8198 | D:9      | Killed a troll
  8244 | D:9      | Noticed a two-headed ogre
  8253 | D:9      | Slain by a two-headed ogre

Illustrated notes

Levels and vault maps discovered:
D:1:      lightli_arrival_lavapool, layout_basic, serial_shops,
          nicolae_shop_tiny_real_fake_doors, nicolae_shop_tiny_real_fake_doors,
          nicolae_shop_trees, nicolae_shop_just_a_little_nook, shop
D:2:      layout_loops_corners, grunt_ministairs_13
D:3:      layout_basic, hangedman_ru_absence, grunt_temple_overflow_cloverleaf,
          serial_shops, nicolae_shop_hallway_stairs
D:4:      layout_loops_ring, skrybe_limestone_x, hangedman_decor_riveting,
          uniq_edmund
D:5:      layout_gridville, uniq_pikel
D:6:      layout_gridville, lemuel_temple_firewalk_b, serial_shops, shop
D:7:      layout_rooms, uniq_menkaure, uniq_crazy_yiuf_cottage
D:8:      layout_rooms, david_lair_shrubbed, minmay_hollow_rounded_squares
D:9:      layout_cave_pods, hangedman_abyss_or_decor_clamps
Temple:   minmay_temple_bridge_d

Skill      XL: |  1  2  3  4  5  6  7  8  9 |
---------------+----------------------------+-----
Short Blades   | 3 4 5 6 7 |  7.1
Stealth        | 2 3 4 5 7 8 |  8.0
Throwing       | 2 3 |  3.0
Transmutations | 1 2 |  2.0
Earth Magic    | 1 2 3 4 5 |  5.6
Conjurations   | 2 3 5 |  5.0
Translocations | 4 |  4.0
Dodging        | 3 |  3.5
Fighting       | 3 |  3.2
Spellcasting   | 3 |  3.0

Action                     |  1- 3 |  4- 6 |  7- 9 || total
---------------------------+-------+-------+-------++-------
  Melee: Short sword       |    80 |    97 |    74 ||   251
         Constrict         |    20 |    25 |    15 ||    60
         Tentacles         |    19 |    31 |    22 ||    72
         Punch             |     3 |     1 |     1 ||     5
  Throw: Dart              |       |     5 |    18 ||    23
         Boomerang         |       |       |     7 ||     7
   Cast: Passwall          |       |     4 |     3 ||     7
         Blink             |       |     1 |     5 ||     6
         Stone Arrow       |       |       |    79 ||    79
  Evoke: Wand              |       |       |     5 ||     5
    Use: Scroll            |       |     7 |     3 ||    10
   Stab: Sleeping          |     4 |     7 |     3 ||    14
 Armour: Skin              |     5 |     2 |     1 ||     8
  Dodge: Dodged            |    34 |    32 |    53 ||   119

Table legend: (Time is in decaauts)
 A = Elapsed time spent in this place.
 B = Non-inter-level travel time spent in this place.
 C = Inter-level travel time spent in this place.
 D = Time resting spent in this place.
 E = Time spent auto-exploring this place.
 F = Levels seen in this place.
 G = Mean time per level.
                   A        B        C        D        E       F      G
               +--------+--------+--------+--------+--------+-----+--------+
         Total |   8651 |   8138 |    513 |    159 |   6665 |  10 |  865.1 |
       Dungeon |   8460 |   8068 |    392 |    159 |   6606 |   9 |  940.0 |
        Temple |    191 |     70 |    121 |      0 |     59 |   1 |  191.0 |
               +--------+--------+--------+--------+--------+-----+--------+

Top non-repeatable levels by time:
     D:5: 1787 daAuts
     D:6: 1455 daAuts
     D:2: 1061 daAuts
     D:4: 1024 daAuts
     D:3: 803 daAuts
     D:7: 782 daAuts
     D:1: 674 daAuts
     D:9: 627 daAuts
     D:8: 243 daAuts
  Temple: 191 daAuts
